[ AOE2 MATCH · #507107359 ]
UnrankedWu vs Wu
Player's team · WIN
Rival team · LOSS
[ REPLAY ANALYSIS · EXTRACTED FROM THE RECORDED GAME ]
Feudal
10:36
Castle
21:52
Imperial
—
| APM avg | 60.6 |
| APM peak | 96 |
| eAPM avg | 27.8 |
| Villagers / military | 75 / 52 |
Focus
⚔️ 43.3% · 🌾 56.7%
Militia ×24 · Archer ×14 · Skirmisher ×14
Feudal
14:28
Castle
19:40
Imperial
—
| APM avg | 48.3 |
| APM peak | 83 |
| eAPM avg | 17.8 |
| Villagers / military | 57 / 8 |
Focus
⚔️ 33.3% · 🌾 66.7%
Unknown (1974) ×13 · Unknown (1968) ×11 · Militia ×8
Match map
Initial resources + every placement click. Lines = walls · curves = elevation contours. ◆ gold · ⬟ stone · ● berries · ✦ relic · ◌ wall gap
Your base· ✓ Closed at 21:52 · 61t walls · 1 gate(s)
SaintedByArmor's base· Open — 1t gap
Smoothed initial terrain · ◌ = detected wall gap · hover for details
Inputs per minute
— YuYa_AoE - - SaintedByArmor
Build order — YuYa_AoE
First 150 of 238 actions detected
| 0:00 | Queue | Villager (Male) |
| 0:00 | Queue | Villager (Male) |
| 0:00 | Queue | Villager (Male) |
| 0:02 | Build | House |
| 0:03 | Build | House |
| 0:04 | Queue | Villager (Male) |
| 1:13 | Queue | Villager (Male) |
| 1:51 | Queue | Villager (Male) |
| 2:02 | Build | Lumber Camp |
| 2:18 | Queue | Villager (Male) |
| 2:46 | Queue | Villager (Male) |
| 3:06 | Build | House |
| 3:17 | Queue | Villager (Male) |
| 3:38 | Queue | Villager (Male) |
| 3:48 | Queue | Villager (Male) |
| 3:48 | Queue | Villager (Male) |
| 4:30 | Queue | Villager (Male) |
| 4:31 | Build | House |
| 4:33 | Research | Loom |
| 4:35 | Queue | Villager (Male) |
| 4:35 | Queue | Villager (Male) |
| 4:35 | Queue | Villager (Male) |
| 4:54 | Queue | Villager (Male) |
| 4:57 | Queue | Villager (Male) |
| 6:27 | Build | Palisade Wall |
| 6:49 | Queue | Villager (Male) |
| 7:03 | Build | Palisade Wall |
| 7:16 | Queue | Villager (Male) |
| 7:24 | Build | Barracks |
| 7:58 | Queue | Villager (Male) |
| 8:05 | Build | Mill |
| 8:26 | Research | Feudal Age |
| 8:31 | Build | Palisade Wall |
| 8:32 | Build | Palisade Wall |
| 8:33 | Build | Palisade Wall |
| 8:35 | Build | Palisade Wall |
| 9:18 | Build | Palisade Wall |
| 9:25 | Build | Palisade Wall |
| 9:26 | Build | Palisade Wall |
| 9:36 | Build | Palisade Wall |
| 9:36 | Build | Palisade Wall |
| 9:38 | Build | Palisade Wall |
| 9:39 | Build | House |
| 9:42 | Build | Palisade Wall |
| 9:54 | Build | Palisade Wall |
| 10:09 | Build | House |
| 10:32 | Queue | Villager (Male) |
| 10:36 | Age | Feudal Age |
| 10:40 | Build | Archery Range |
| 10:42 | Queue | Villager (Male) |
| 10:52 | Queue | Villager (Male) |
| 10:58 | Build | Mining Camp |
| 11:06 | Build | Farm |
| 11:09 | Build | Farm |
| 11:10 | Queue | Villager (Male) |
| 11:12 | Queue | Villager (Male) |
| 11:24 | Build | Palisade Wall |
| 11:26 | Build | Palisade Wall |
| 11:26 | Queue | Archer |
| 11:26 | Queue | Archer |
| 11:32 | Build | Palisade Wall |
| 11:32 | Build | Palisade Wall |
| 11:36 | Build | House |
| 11:36 | Queue | Villager (Male) |
| 11:38 | Queue | Villager (Male) |
| 11:38 | Queue | Villager (Male) |
| 11:50 | Build | Farm |
| 12:14 | Queue | Villager (Male) |
| 12:23 | Build | House |
| 12:41 | Build | Farm |
| 12:47 | Queue | Archer |
| 12:49 | Queue | Villager (Male) |
| 12:58 | Build | Farm |
| 13:01 | Build | House |
| 13:16 | Build | Palisade Wall |
| 13:22 | Build | Farm |
| 13:24 | Queue | Archer |
| 13:37 | Research | Double-Bit Axe |
| 13:57 | Queue | Villager (Male) |
| 13:57 | Queue | Villager (Male) |
| 13:57 | Queue | Villager (Male) |
| 14:04 | Build | Farm |
| 14:08 | Queue | Archer |
| 14:12 | Build | Farm |
| 14:17 | Queue | Villager (Male) |
| 14:32 | Queue | Archer |
| 14:43 | Queue | Villager (Male) |
| 14:52 | Build | Farm |
| 14:52 | Queue | Villager (Male) |
| 15:11 | Queue | Villager (Male) |
| 15:14 | Queue | Villager (Male) |
| 15:16 | Build | Blacksmith |
| 15:40 | Queue | Archer |
| 15:40 | Queue | Villager (Male) |
| 15:46 | Build | Lumber Camp |
| 15:47 | Queue | Archer |
| 15:47 | Queue | Villager (Male) |
| 15:49 | Build | House |
| 15:56 | Build | Palisade Wall |
| 16:00 | Build | Palisade Wall |
| 16:11 | Build | Palisade Wall |
| 16:15 | Queue | Archer |
| 16:29 | Build | Farm |
| 16:29 | Queue | Villager (Male) |
| 16:41 | Queue | Villager (Male) |
| 16:47 | Build | House |
| 16:48 | Build | Palisade Wall |
| 16:55 | Queue | Archer |
| 16:56 | Queue | Villager (Male) |
| 16:58 | Build | Farm |
| 16:58 | Queue | Villager (Male) |
| 17:07 | Queue | Archer |
| 17:42 | Build | Market |
| 17:53 | Queue | Archer |
| 18:04 | Build | House |
| 18:05 | Build | Palisade Gate |
| 18:07 | Build | Palisade Wall |
| 18:12 | Queue | Archer |
| 18:12 | Queue | Villager (Male) |
| 18:19 | Queue | Villager (Male) |
| 18:25 | Build | Farm |
| 18:30 | Queue | Villager (Male) |
| 18:35 | Build | House |
| 19:12 | Research | Castle Age |
| 19:25 | Build | Farm |
| 19:36 | Research | Horse Collar |
| 19:44 | Build | Palisade Wall |
| 19:45 | Build | Palisade Wall |
| 19:55 | Queue | Archer |
| 19:56 | Research | Fletching |
| 20:03 | Queue | Militia |
| 20:09 | Research | Gold Mining |
| 20:38 | Queue | Militia |
| 20:42 | Build | Barracks |
| 20:57 | Build | Farm |
| 20:57 | Build | Farm |
| 20:58 | Build | Farm |
| 20:58 | Build | Farm |
| 21:01 | Queue | Militia |
| 21:02 | Queue | Militia |
| 21:02 | Research | Man-at-Arms (upgrade) |
| 21:35 | Queue | Militia |
| 21:35 | Queue | Militia |
| 21:52 | Age | Castle Age |
| 21:55 | Queue | Villager (Male) |
| 21:57 | Queue | Villager (Male) |
| 22:02 | Build | Town Center |
| 22:24 | Research | Long Swordsman (upgrade) |
| 22:25 | Queue | Militia |
| 22:26 | Queue | Militia |
Build order — SaintedByArmor
First 150 of 180 actions detected
| 0:00 | Queue | Villager (Male) |
| 0:00 | Queue | Villager (Male) |
| 0:02 | Build | House |
| 0:02 | Build | House |
| 0:15 | Queue | Villager (Male) |
| 0:16 | Queue | Villager (Male) |
| 1:13 | Queue | Villager (Male) |
| 1:57 | Queue | Villager (Male) |
| 2:27 | Queue | Villager (Male) |
| 2:28 | Queue | Villager (Male) |
| 3:03 | Queue | Villager (Male) |
| 3:19 | Build | Barracks |
| 3:24 | Build | House |
| 3:32 | Queue | Villager (Male) |
| 3:58 | Build | Palisade Wall |
| 3:59 | Build | Palisade Wall |
| 4:00 | Build | Palisade Wall |
| 4:09 | Queue | Villager (Male) |
| 4:22 | Queue | Villager (Male) |
| 4:31 | Build | House |
| 4:43 | Queue | Militia |
| 4:43 | Queue | Militia |
| 5:00 | Queue | Villager (Male) |
| 5:00 | Queue | Villager (Male) |
| 5:04 | Queue | Militia |
| 5:11 | Queue | Villager (Male) |
| 5:35 | Build | House |
| 5:40 | Queue | Villager (Male) |
| 5:42 | Queue | Militia |
| 6:07 | Queue | Militia |
| 6:19 | Queue | Villager (Male) |
| 6:34 | Build | House |
| 6:48 | Queue | Villager (Male) |
| 6:55 | Build | Mill |
| 7:16 | Queue | Villager (Male) |
| 7:31 | Queue | Militia |
| 7:36 | Queue | Villager (Male) |
| 7:45 | Queue | Militia |
| 8:05 | Queue | Villager (Male) |
| 8:18 | Build | Palisade Wall |
| 8:22 | Build | Palisade Wall |
| 8:23 | Build | Palisade Wall |
| 8:24 | Build | Palisade Wall |
| 8:31 | Queue | Villager (Male) |
| 8:49 | Queue | Villager (Male) |
| 9:02 | Queue | Villager (Male) |
| 9:06 | Build | House |
| 9:19 | Queue | Militia |
| 9:22 | Build | House |
| 9:27 | Build | Lumber Camp |
| 9:39 | Build | Palisade Wall |
| 9:40 | Build | Palisade Wall |
| 9:40 | Build | Palisade Wall |
| 9:41 | Build | Palisade Wall |
| 9:41 | Build | Palisade Wall |
| 9:46 | Queue | Villager (Male) |
| 9:51 | Build | House |
| 9:53 | Build | Palisade Wall |
| 10:06 | Queue | Villager (Male) |
| 10:34 | Queue | Villager (Male) |
| 10:37 | Build | House |
| 10:39 | Build | Palisade Wall |
| 10:41 | Build | Palisade Wall |
| 10:43 | Queue | Villager (Male) |
| 11:05 | Queue | Villager (Male) |
| 11:11 | Build | House |
| 11:13 | Build | Palisade Wall |
| 11:43 | Build | House |
| 11:44 | Build | Palisade Wall |
| 11:44 | Build | Palisade Wall |
| 11:51 | Build | Palisade Wall |
| 11:53 | Build | Palisade Wall |
| 11:53 | Queue | Villager (Male) |
| 11:55 | Research | Feudal Age |
| 12:57 | Build | House |
| 13:03 | Build | Mining Camp |
| 13:12 | Research | Loom |
| 13:32 | Build | House |
| 13:36 | Build | Farm |
| 14:19 | Build | House |
| 14:20 | Build | Palisade Wall |
| 14:21 | Build | Palisade Wall |
| 14:28 | Age | Feudal Age |
| 14:46 | Build | Market |
| 14:56 | Build | Palisade Wall |
| 15:08 | Build | House |
| 15:18 | Build | House |
| 15:20 | Build | House |
| 15:27 | Build | House |
| 15:41 | Build | Blacksmith |
| 16:19 | Build | Barracks |
| 16:32 | Queue | Villager (Male) |
| 16:43 | Build | Farm |
| 16:46 | Build | Farm |
| 16:48 | Build | Farm |
| 16:59 | Build | Farm |
| 17:00 | Research | Castle Age |
| 17:40 | Build | Barracks |
| 17:54 | Research | Double-Bit Axe |
| 18:30 | Build | Lumber Camp |
| 18:39 | Queue | Villager (Male) |
| 19:40 | Age | Castle Age |
| 19:40 | Queue | Unit 1974 |
| 19:41 | Queue | Unit 1974 |
| 19:41 | Queue | Unit 1974 |
| 19:41 | Queue | Unit 1974 |
| 19:41 | Queue | Unit 1974 |
| 19:42 | Queue | Unit 1974 |
| 19:42 | Queue | Unit 1974 |
| 19:59 | Queue | Villager (Male) |
| 20:10 | Build | Farm |
| 20:12 | Build | Farm |
| 20:14 | Build | Farm |
| 20:29 | Queue | Villager (Male) |
| 20:37 | Build | Farm |
| 20:53 | Queue | Villager (Male) |
| 20:55 | Queue | Unit 1974 |
| 20:55 | Queue | Unit 1974 |
| 21:06 | Build | Farm |
| 21:07 | Queue | Villager (Male) |
| 21:28 | Queue | Villager (Male) |
| 21:39 | Queue | Unit 1974 |
| 21:43 | Queue | Unit 1974 |
| 21:43 | Queue | Unit 1974 |
| 21:52 | Build | Farm |
| 21:55 | Queue | Villager (Male) |
| 22:07 | Build | Mining Camp |
| 22:10 | Queue | Unit 1974 |
| 22:30 | Queue | Villager (Male) |
| 22:47 | Research | Horse Collar |
| 22:50 | Build | Farm |
| 22:53 | Build | Farm |
| 22:59 | Build | Farm |
| 22:59 | Queue | Villager (Male) |
| 23:19 | Queue | Villager (Male) |
| 23:23 | Research | Stone Mining |
| 23:37 | Queue | Villager (Male) |
| 23:56 | Research | Squires |
| 24:16 | Queue | Villager (Male) |
| 24:43 | Queue | Villager (Male) |
| 24:57 | Queue | Villager (Male) |
| 25:25 | Build | Castle |
| 25:34 | Research | Fletching |
| 25:35 | Queue | Villager (Male) |
| 25:35 | Queue | Villager (Male) |
| 25:36 | Queue | Villager (Male) |
| 25:52 | Build | University |
| 26:04 | Build | Mining Camp |
| 26:06 | Queue | Villager (Male) |
| 26:17 | Build | Farm |
Match timeline
| 3:19 | SaintedByArmor · first_building Barracks |
| 3:58 | SaintedByArmor · wall_segment Palisade Wall x1 |
| 3:59 | SaintedByArmor · wall_segment Palisade Wall x1 |
| 4:00 | SaintedByArmor · wall_segment Palisade Wall x1 |
| 6:27 | YuYa_AoE · wall_segment Palisade Wall x1 |
| 7:03 | YuYa_AoE · wall_segment Palisade Wall x1 |
| 7:24 | YuYa_AoE · first_building Barracks |
| 8:18 | SaintedByArmor · wall_segment Palisade Wall x1 |
| 8:22 | SaintedByArmor · wall_segment Palisade Wall x1 |
| 8:23 | SaintedByArmor · wall_segment Palisade Wall x1 |
| 8:24 | SaintedByArmor · wall_segment Palisade Wall x1 |
| 8:31 | YuYa_AoE · wall_segment Palisade Wall x1 |
| 8:32 | YuYa_AoE · wall_segment Palisade Wall x1 |
| 8:33 | YuYa_AoE · wall_segment Palisade Wall x1 |
| 8:35 | YuYa_AoE · wall_segment Palisade Wall x1 |
| 9:18 | YuYa_AoE · wall_segment Palisade Wall x1 |
| 9:25 | YuYa_AoE · wall_segment Palisade Wall x1 |
| 9:26 | YuYa_AoE · wall_segment Palisade Wall x1 |
| 9:36 | YuYa_AoE · wall_segment Palisade Wall x1 |
| 9:36 | YuYa_AoE · wall_segment Palisade Wall x1 |
| 9:38 | YuYa_AoE · wall_segment Palisade Wall x1 |
| 9:39 | SaintedByArmor · wall_segment Palisade Wall x1 |
| 9:40 | SaintedByArmor · wall_segment Palisade Wall x1 |
| 9:40 | SaintedByArmor · wall_segment Palisade Wall x1 |
| 9:41 | SaintedByArmor · wall_segment Palisade Wall x1 |
| 9:41 | SaintedByArmor · wall_segment Palisade Wall x1 |
| 9:42 | YuYa_AoE · wall_segment Palisade Wall x1 |
| 9:53 | SaintedByArmor · wall_segment Palisade Wall x9 |
| 9:54 | YuYa_AoE · wall_segment Palisade Wall x1 |
| 10:36 | YuYa_AoE · age_up feudal |
| 10:39 | SaintedByArmor · wall_segment Palisade Wall x7 |
| 10:40 | YuYa_AoE · first_building Archery Range |
| 10:41 | SaintedByArmor · wall_segment Palisade Wall x13 |
| 11:13 | SaintedByArmor · wall_segment Palisade Wall x6 |
| 11:24 | YuYa_AoE · wall_segment Palisade Wall x1 |
| 11:26 | YuYa_AoE · wall_segment Palisade Wall x1 |
| 11:32 | YuYa_AoE · wall_segment Palisade Wall x1 |
| 11:32 | YuYa_AoE · wall_segment Palisade Wall x1 |
| 11:44 | SaintedByArmor · wall_segment Palisade Wall x1 |
| 11:44 | SaintedByArmor · wall_segment Palisade Wall x1 |
| 11:51 | SaintedByArmor · wall_segment Palisade Wall x1 |
| 11:53 | SaintedByArmor · wall_segment Palisade Wall x4 |
| 13:16 | YuYa_AoE · wall_segment Palisade Wall x1 |
| 14:20 | SaintedByArmor · wall_segment Palisade Wall x1 |
| 14:21 | SaintedByArmor · wall_segment Palisade Wall x1 |
| 14:28 | SaintedByArmor · age_up feudal |
| 14:56 | SaintedByArmor · wall_segment Palisade Wall x1 |
| 15:55 | SaintedByArmor · first_market_sell 100 stone |
| 15:56 | YuYa_AoE · wall_segment Palisade Wall x11 |
| 15:56 | SaintedByArmor · first_market_buy 100 food |
| 16:00 | YuYa_AoE · wall_segment Palisade Wall x1 |
| 16:11 | YuYa_AoE · wall_segment Palisade Wall x19 |
| 16:48 | YuYa_AoE · wall_segment Palisade Wall x1 |
| 18:07 | YuYa_AoE · wall_segment Palisade Wall x4 |
| 18:59 | YuYa_AoE · first_market_sell 500 wood |
| 19:03 | YuYa_AoE · first_market_buy 100 food |
| 19:40 | SaintedByArmor · age_up castle |
| 19:44 | YuYa_AoE · wall_segment Palisade Wall x5 |
| 19:45 | YuYa_AoE · wall_segment Palisade Wall x3 |
| 21:52 | YuYa_AoE · age_up castle |
| 22:56 | YuYa_AoE · wall_segment Palisade Wall x2 |
| 24:29 | YuYa_AoE · wall_segment Palisade Wall x1 |
| 24:32 | YuYa_AoE · wall_segment Palisade Wall x1 |
| 24:34 | YuYa_AoE · wall_segment Palisade Wall x1 |
| 24:36 | YuYa_AoE · wall_segment Palisade Wall x1 |
| 24:38 | YuYa_AoE · wall_segment Palisade Wall x1 |
| 25:25 | SaintedByArmor · first_building Castle |
| 25:27 | YuYa_AoE · wall_segment Palisade Wall x1 |
| 27:57 | SaintedByArmor · wall_segment Palisade Wall x1 |
| 27:58 | SaintedByArmor · wall_segment Palisade Wall x1 |
| 29:33 | SaintedByArmor · wall_segment Palisade Wall x1 |
| 31:04 | SaintedByArmor · resign |
[ AI ANALYSIS · 1 CREDIT ]
What really happened in this match?
Wolo.gg analyzes every decision: build order, eco, micro, common mistakes by bracket. Personalized analysis on WhatsApp or Discord in 30 seconds.
Civ guide
Wu
Perfil
Jugador #3032620